Map: Whirlwind LE (Void)

Players

Neeb - Winner!

  • Race: Protoss Protoss
  • Spawn Location: 1:00

ShoWTimE

  • Race: Protoss Protoss
  • Spawn Location: 5:00

Event: WESG 2016 Finals

VOD

Have the link to the VOD?

Description

Time

  • Played on: Jan. 15, 2017, 4:57 p.m.
  • Length: 17:34

All games in this series

Show
View Real Time Build Order
Export as new Build Order

Neeb Protoss - Winner!

Build Orders: Oracle Opening 

Get SALT Encoding   

  12  0:00  Probe (Chrono Boost)  
  13  0:11  Probe (Chrono Boost)  
  14  0:17  Pylon  
  14  0:22  Probe (Chrono Boost)  
  16  0:35  Probe (Chrono Boost)  
  16  0:37  Gateway  
  16  0:43  Assimilator  
  16  0:46  Probe (Chrono Boost)  
  17  0:52  Assimilator  
  17  0:56  Probe (Chrono Boost)  
  18  1:07  Probe (Chrono Boost)  
  18  1:11  Gateway  
  19  1:18  Probe (Chrono Boost)  
  20  1:24  Cybernetics Core  
  20  1:28  Probe (Chrono Boost)  
  21  1:33  Pylon  
  21  1:39  Probe (Chrono Boost)  
  22  1:49  Probe (Chrono Boost)  
  22  1:52  Warp Gate  
  23  2:00  Probe (Chrono Boost), Stalker  
  24  2:06  Stalker  
  28  2:14  Pylon  
  28  2:19  Mothership Core (Chrono Boost)  
  30  2:24  Pylon  
  30  2:42  Stalker x2  
  34  3:04  Nexus  
  34  3:10  Probe (Chrono Boost)  
  34  3:12  Stargate  
  35  3:16  Sentry  
  37  3:22  Probe (Chrono Boost)  
  38  3:30  Pylon  
  39  3:34  Probe (Chrono Boost)  
  40  3:48  Probe (Chrono Boost)  
  40  3:57  Oracle  
  40  4:00  Probe (Chrono Boost)  
  42  4:06  Stalker  
  44  4:11  Robotics Facility  
  44  4:12  Probe (Chrono Boost)  
  45  4:19  Probe (Chrono Boost)  
  47  4:24  Probe (Chrono Boost)  
  47  4:28  Adept  
  47  4:30  Probe (Chrono Boost)  
  50  4:36  Probe (Chrono Boost)  
  51  4:40  Probe (Chrono Boost)  
  51  4:41  Oracle  
  53  4:48  Probe (Chrono Boost)  
  53  4:51  Probe (Chrono Boost)  
  54  4:56  Pylon  
  54  4:57  Pylon  
  53  5:00  Observer  
  53  5:02  Probe (Chrono Boost)  
  53  5:03  Probe (Chrono Boost)  
  56  5:14  Probe x2 (Chrono Boost)  
  58  5:21  Void Ray  
  58  5:25  Probe (Chrono Boost)  
  58  5:26  Probe (Chrono Boost)  
  64  5:35  Assimilator, Observer  
  65  5:37  Probe (Chrono Boost)  
  65  5:40  Probe (Chrono Boost)  
  67  5:49  Probe (Chrono Boost)  
  68  5:52  Probe (Chrono Boost), Immortal  
  69  5:57  Assimilator  
  69  6:01  Probe (Chrono Boost)  
  75  6:04  Probe (Chrono Boost)  
  75  6:05  Pylon  
  75  6:13  Probe (Chrono Boost)  
  75  6:17  Void Ray  
  77  6:19  Pylon  
  82  6:27  Sentry  
  82  6:32  Immortal  
  82  6:33  Gateway x2  
  86  6:44  Gateway  
  86  6:45  Gateway  
  86  6:51  Gateway  
  86  6:56  Pylon  
  86  6:57  Void Ray  
  86  7:06  Warp Prism  
  92  7:15  Pylon  
  92  7:25  Adept x2  
  92  7:29  Pylon  
  96  7:32  Pylon  
  96  7:47  Stalker x2  
  96  7:48  Stalker x2  
  104  8:08  Adept  
  104  8:09  Adept x2  
  104  8:11  Adept  
  104  8:12  Adept x3  
  118  8:24  Robotics Bay  
  118  8:33  Probe x2 (Chrono Boost)  
  114  8:52  Adept x4  
  114  8:53  Adept x3  
  112  9:08  Disruptor  
  112  9:14  Nexus  
  115  9:17  Pylon  
  117  9:25  Probe x2 (Chrono Boost)  
  117  9:37  Probe x2 (Chrono Boost)  
  119  9:39  Disruptor  
  122  9:49  Probe (Chrono Boost)  
  123  9:55  Probe (Chrono Boost)  
  124  10:05  Probe (Chrono Boost)  
  126  10:08  Probe (Chrono Boost), Adept x2  
  126  10:09  Adept x2  
  126  10:13  Assimilator  
  126  10:14  Pylon x2  
  134  10:17  Assimilator  
  134  10:20  Disruptor  
  134  10:22  Pylon  
  134  10:28  Pylon  
  137  10:35  Adept x3  
  143  10:46  Twilight Council  
  143  10:47  Probe (Chrono Boost)  
  143  10:48  Probe (Chrono Boost)  
  145  10:51  Disruptor  
  145  10:54  Probe (Chrono Boost)  
  149  10:59  Probe (Chrono Boost)  
  149  11:02  Fleet Beacon  
  149  11:03  Stargate x2  
  150  11:06  Pylon  
  150  11:18  Probe (Chrono Boost), Pylon  
  152  11:19  Probe (Chrono Boost)  
  152  11:20  Probe (Chrono Boost)  
  152  11:22  Disruptor  
  153  11:31  Stalker x3  
  160  11:36  Probe x3 (Chrono Boost)  
  163  11:43  Carrier  
  159  11:51  Carrier  
  164  11:57  Disruptor  
  164  12:01  Carrier  
  185  12:17  Graviton Catapult  
  183  12:27  Probe (Chrono Boost)  
  172  12:57  Carrier  
  169  13:06  Carrier  
  175  13:15  Carrier  
  175  13:27  Nexus  
  175  13:30  Pylon  
  171  14:02  Protoss Air Weapons Level 1  
  168  14:12  Carrier  
  168  14:16  Forge  
  168  14:20  Carrier  
  174  14:30  Carrier  
  174  14:32  Adept x2  
  174  14:33  Adept  
  182  14:48  Probe x2 (Chrono Boost)  
  182  14:51  Assimilator  
  182  14:52  Assimilator  
  184  14:58  Photon Cannon  
  184  15:00  Photon Cannon  
  184  15:05  Photon Cannon  
  184  15:14  Photon Cannon  
  184  15:18  Photon Cannon  
  184  15:26  Carrier  
  184  15:35  Carrier  
  184  15:39  Stargate  
  190  15:48  Pylon  
  196  15:52  Photon Cannon  
  196  15:53  Photon Cannon  
  196  15:55  Carrier  
Show
View Real Time Build Order
Export as new Build Order

ShoWTimE Protoss 

Build Orders: Zealot Archon, Dark Templar Rush 

Get SALT Encoding   

  12  0:00  Probe (Chrono Boost)  
  13  0:11  Probe (Chrono Boost)  
  14  0:17  Pylon  
  14  0:22  Probe (Chrono Boost)  
  15  0:35  Probe (Chrono Boost)  
  16  0:36  Gateway  
  16  0:42  Assimilator  
  16  0:46  Probe (Chrono Boost)  
  17  0:52  Assimilator  
  17  0:56  Probe (Chrono Boost)  
  18  1:07  Gateway  
  18  1:08  Probe (Chrono Boost)  
  19  1:18  Probe (Chrono Boost)  
  19  1:23  Cybernetics Core  
  20  1:29  Probe (Chrono Boost)  
  20  1:31  Pylon  
  22  1:40  Probe (Chrono Boost)  
  22  1:51  Probe (Chrono Boost)  
  22  1:52  Warp Gate  
  23  1:59  Adept x2  
  27  2:02  Mothership Core (Chrono Boost)  
  29  2:12  Pylon  
  29  2:27  Twilight Council  
  29  2:29  Stalker  
  31  2:37  Stalker  
  31  2:44  Probe (Chrono Boost)  
  33  3:06  Dark Shrine  
  33  3:17  Nexus  
  33  3:22  Probe (Chrono Boost)  
  34  3:35  Pylon  
  34  3:36  Probe (Chrono Boost)  
  36  3:49  Probe (Chrono Boost)  
  36  3:50  Robotics Facility  
  36  3:55  Pylon  
  36  4:01  Probe (Chrono Boost)  
  33  4:14  Probe (Chrono Boost)  
  34  4:18  Dark Templar  
  34  4:19  Dark Templar  
  39  4:26  Probe (Chrono Boost)  
  39  4:34  Probe (Chrono Boost)  
  39  4:38  Probe (Chrono Boost), Blink  
  41  4:44  Probe (Chrono Boost)  
  40  4:49  Observer  
  40  4:50  Probe (Chrono Boost)  
  42  4:55  Probe (Chrono Boost)  
  42  4:59  Gateway  
  43  5:02  Probe (Chrono Boost)  
  43  5:06  Probe (Chrono Boost)  
  45  5:09  Stalker  
  48  5:14  Probe (Chrono Boost)  
  48  5:16  Probe (Chrono Boost)  
  48  5:20  Stalker  
  51  5:22  Assimilator  
  51  5:26  Probe (Chrono Boost)  
  51  5:27  Probe (Chrono Boost), Assimilator, Gateway  
  51  5:37  Probe (Chrono Boost), Sentry  
  51  5:38  Probe (Chrono Boost), Pylon  
  55  5:43  Pylon  
  55  5:48  Probe (Chrono Boost)  
  55  5:49  Stalker  
  59  5:50  Probe (Chrono Boost)  
  58  5:58  Probe (Chrono Boost)  
  58  5:59  Stalker  
  58  6:02  Probe (Chrono Boost)  
  62  6:05  Immortal, Stalker  
  62  6:09  Probe (Chrono Boost)  
  69  6:18  Gateway x2  
  69  6:22  Sentry  
  69  6:25  Phoenix  
  71  6:28  Forge  
  71  6:35  Probe (Chrono Boost)  
  71  6:37  Stalker x2  
  77  6:41  Pylon  
  76  6:54  Immortal  
  76  7:00  Pylon  
  79  7:15  Protoss Ground Weapons Level 1  
  79  7:17  Resonating Glaives  
  79  7:20  Dark Templar x2, Zealot x3  
  89  7:25  Archon  
  89  7:27  Nexus  
  89  7:30  Pylon  
  89  7:40  Pylon  
  89  7:48  Dark Templar x2, Pylon  
  89  7:50  Zealot x2  
  97  7:54  Archon  
  97  8:06  Dark Templar x2  
  97  8:08  Gateway  
  97  8:11  Archon  
  101  8:13  Adept x2  
  105  8:20  Pylon  
  105  8:22  Adept  
  105  8:23  Adept  
  109  8:32  Pylon  
  109  8:33  Pylon  
  109  8:50  Pylon  
  109  8:51  Protoss Ground Weapons Level 2  
  109  8:54  Pylon  
  107  8:56  Pylon  
  107  8:57  Pylon  
  107  9:02  Pylon  
  107  9:08  Pylon  
  107  9:13  Dark Templar, Warp Prism  
  107  9:15  Dark Templar  
  107  9:16  Dark Templar x2  
  117  9:19  Photon Cannon  
  117  9:20  Archon x2  
  117  9:21  Adept x2  
  121  9:34  Adept  
  121  9:36  Pylon  
  123  9:46  Nexus  
  123  9:59  Stalker x2  
  126  10:00  Stalker  
  128  10:12  Stalker x2  
  132  10:16  Stalker  
  134  10:24  Stalker  
  134  10:25  Stalker  
  136  10:36  Robotics Bay  
  132  10:45  Probe x2 (Chrono Boost)  
  132  10:46  Robotics Facility  
  132  10:58  Adept x2  
  132  11:02  Probe x2 (Chrono Boost)  
  138  11:10  Probe (Chrono Boost)  
  139  11:14  Probe (Chrono Boost)  
  139  11:15  Stalker x3  
  146  11:23  Probe (Chrono Boost)  
  146  11:25  Probe (Chrono Boost)  
  148  11:26  Pylon  
  148  11:28  Disruptor  
  151  11:33  Disruptor  
  148  11:47  Assimilator  
  148  11:48  Probe (Chrono Boost)  
  148  11:49  Probe x2 (Chrono Boost), Assimilator  
  148  11:52  Stalker  
  148  11:53  Stalker x2  
  157  11:59  Stalker x2  
  157  12:05  Disruptor  
  157  12:06  Disruptor, Pylon  
  163  12:22  Photon Cannon  
  163  12:24  Pylon  
  163  12:27  Pylon  
  163  12:36  Disruptor  
  163  12:37  Stalker x2  
  157  12:40  Adept  
  157  12:44  Adept  
  163  12:52  Probe (Chrono Boost)  
  163  12:53  Probe x2 (Chrono Boost)  
  149  13:02  Stalker x2  
  149  13:03  Stalker  
  155  13:09  Probe (Chrono Boost)  
  155  13:10  Probe x2 (Chrono Boost)  
  158  13:18  Observer  
  159  13:20  Probe (Chrono Boost)  
  159  13:21  Disruptor  
  159  13:24  Stalker x2  
  167  13:37  Stalker  
  167  13:38  Stalker  
  167  13:40  Observer  
  172  13:59  Stalker x4  
  172  14:00  Stalker  
  172  14:02  Stalker  
  184  14:05  Stalker  
  186  14:22  Nexus  
  186  14:23  Pylon  
  186  14:41  Stalker x5  
  186  14:47  Dark Templar  
  180  14:53  Stargate  
  175  15:16  Assimilator  
  175  15:20  Assimilator  
  175  15:25  Stargate  
  175  15:30  Stalker  
  175  15:31  Stalker x3  
  183  15:51  Fleet Beacon  
  183  15:56  Oracle  
  184  16:11  Stargate  
  182  16:26  Pylon  
  182  16:31  Stalker x5  
  182  16:32  Stalker x2  
  149  17:18  Zealot x2  
  149  17:19  Zealot x2  
Tags
 
Add a new tag
Caveats
  • Supply blocks, unpowered buildings, or Contaminate may cause inaccurate times.
  • Supply counts are checked every 10 seconds.